 Dungeon Crawl Stone Soup version 0.31.0-11-ge490571c62 (webtiles) character file.

Game seed: 7758665896574674461

405 qw the Ducker (level 6, -3/32 HPs)
             Began as a Spriggan Hunter on Feb 3, 2024.
             Slain by a scorpion (4 damage)
             ... on level 4 of the Dungeon.
             The game lasted 00:00:11 (2810 turns).

qw the Ducker (Spriggan Hunter)                     Turns: 2810, Time: 00:00:11

Health: -3/32      AC:  3    Str:  7    XL:     6   Next: 56%
Magic:  7/7        EV: 21    Int: 11    God:
Gold:   142        SH:  0    Dex: 20    Spells: 5/5 levels left

rFire   + . .        a - +1 shortbow
rCold   + . .        (shield currently unavailable)
rNeg    . . .        c - +0 robe
rPois   .            (helmet restricted)
rElec   .            e - +0 cloak
rCorr   .            (gloves unavailable)
SInv    +            (boots unavailable)
Will    +....        (no amulet)
Stlth   ++           h - ring of protection from cold
HPRegen 0.25/turn    b - ring of protection from fire
MPRegen 0.10/turn

%: no passive effects
@: lethally poisoned (-3 -> -7), very quick
A: very small, no large weapons, unfitting armour, see invisible, speed 3
a: no special abilities


You were on level 4 of the Dungeon.
You visited 1 branch of the dungeon, and saw 4 of its levels.

You collected 142 gold pieces.


Innate Abilities, Weirdness & Mutations

You are very small and have problems with some larger weapons.
You are too small for most types of armour.
You have supernaturally acute eyesight. (SInv)
You cover ground extremely quickly. (Speed+++)


   Skills:
 - Level 2.4 Fighting
 + Level 6.1 Ranged Weapons
 - Level 6.5 Dodging
 - Level 1.5 Stealth


You had 5 spell levels left.
You didn't know any spells.
Your spell library was empty.

Inventory:

Hand Weapons
 a - a +1 shortbow (weapon)
Armour
 c - a +0 robe (worn)
 e - a +0 cloak (worn)
Jewellery
 b - a ring of protection from fire (right hand)
 f - a +6 ring of strength
 h - a ring of protection from cold (left hand)
Wands
 j - a wand of flame (13)
Potions
 g - a potion of resistance

Dungeon Overview and Level Annotations

Branches:
Dungeon (4/15)
 Temple: D:4-7

Altars:
Cheibriados
Gozag
Trog
Wu Jian
Zin

Shops:
D:3 *

Annotations:
D:3 3 runed translucent doors, qw's ghost, amateur SpHu


Message History

The scorpion is moderately wounded.
You feel very sick. The scorpion completely misses you.
You shoot an arrow.
The arrow hits the scorpion but does no damage.
The scorpion is moderately wounded.
You feel sick. The scorpion stings you!
You are more poisoned.
The scorpion poisons you!
You shoot an arrow. The arrow hits the scorpion.
The scorpion is severely wounded.
You feel very sick. The scorpion barely misses you.
You shoot an arrow. The arrow hits the scorpion.
The scorpion is severely wounded.
You feel very sick. The scorpion closely misses you. The scorpion stings you.
You are more poisoned.
The scorpion poisons you!
2805 ||| DRINKING potion of heal wounds.
You feel much better.
You feel very sick. The scorpion completely misses you.
You shoot an arrow.
The arrow hits the scorpion but does no damage.
The scorpion is severely wounded.
You feel very sick. The scorpion stings you.
You shoot an arrow. The arrow hits the scorpion.
The scorpion is severely wounded.
You feel very sick. The scorpion completely misses you.
The scorpion closely misses you.
You shoot an arrow. The arrow closely misses the scorpion.
You feel very sick. The scorpion completely misses you.
You shoot an arrow. The arrow barely misses the scorpion.
You feel sick. The scorpion stings you.
You shoot an arrow. The arrow closely misses the scorpion.
You feel sick. The scorpion stings you. x2
You die...

#....#...## #.#
#.######## #.#
#..#
##.########
#..........
####.#######..
#........#
#.##.###.###..#
#.##...@.......
#.##.###s###..#
#..... .#
####.. ## #...
##.# .#


You could see a scorpion.

Vanquished Creatures
  A scorpion (D:4)
  A vampire bat (D:3)
  Ijyb (D:3)
  An orc wizard (D:3)
  6 adders
  4 gnolls (D:4)
  A dart slug (D:1)
  3 fire bats (D:3)
  A ribbon worm (D:2)
  2 orcs (D:3)
  2 spectral bats (D:3)
  14 bats
  3 bat skeletons (D:3)
  A bat zombie (D:3)
  5 endoplasms
  A giant cockroach (D:2)
  11 goblins
  5 hobgoblins
  8 jackals
  5 kobolds
  3 quokkas
  4 ball pythons
  A bat simulacrum (D:3)
  6 frilled lizards
  A rat (D:3)
91 creatures vanquished.

Notes
Turn   | Place    | Note
-------+----------+-------------------------------------------
     0 | D:1      | qw the Spriggan Hunter began the quest for the Orb.
     0 | D:1      | Reached XP level 1. HP: 10/10 MP: 2/2
     0 | D:1      | 0 ||| qw: Version: 0.3-a-157-g843a77d
     0 | D:1      | 0 ||| qw: Game counter: 3956
     0 | D:1      | 0 ||| qw: Melee chars always use a shield: true
     0 | D:1      | 0 ||| qw: God list: Okawaru
     0 | D:1      | 0 ||| qw: Allow faded altars: false
     0 | D:1      | 0 ||| qw: Do Orc after clearing Dungeon:15 true
     0 | D:1      | 0 ||| qw: Do second Lair branch before Depths: true
     0 | D:1      | 0 ||| qw: Lair rune preference: random
     0 | D:1      | 0 ||| qw: Goals: Normal
     0 | D:1      | 0 ||| PLANNING D:1-11
     7 | D:1      | Reached skill level 3 in Dodging
    68 | D:1      | Reached XP level 2. HP: 14/14 MP: 3/3
   386 | D:1      | Reached XP level 3. HP: 18/18 MP: 4/4
   795 | D:1      | 795 ||| UPGRADING to ring of protection from cold.
   796 | D:1      | 796 ||| READING scroll labelled RYQ ZASMAICIR.
   796 | D:1      | 796 ||| IDENTIFYING 2 sapphire potions
   797 | D:1      | 797 ||| READING scroll labelled KOIGEM BIKKA.
   798 | D:1      | 798 ||| DRINKING 2 fizzy emerald potions.
   804 | D:1      | 804 ||| DROPPING scroll of butterflies.
   805 | D:1      | 805 ||| DROPPING 2 potions of berserk rage.
   806 | D:1      | 806 ||| DROPPING potion of ambrosia.
  1035 | D:2      | Reached XP level 4. HP: 20/22 MP: 5/5
  1166 | D:2      | Found a faded altar of an unknown god.
  1364 | D:2      | 1364 ||| UPGRADING to +0 cloak.
  1369 | D:2      | 1369 ||| READING scroll labelled BEAJ OBEITAS.
  1369 | D:2      | 1369 ||| ENCHANTING +0 shortbow.
  1370 | D:2      | 1370 ||| READING scroll labelled PIYPTY KOULIGG.
  1371 | D:2      | 1371 ||| DRINKING 2 fizzy black potions.
  1464 | D:3      | Reached XP level 5. HP: 27/27 MP: 6/6
  1628 | D:3      | Found a bloodstained altar of Trog.
  1699 | D:3      | Found Zin's Purification Station.
  1702 | D:3      | Found a glowing silver altar of Zin.
  1709 | D:3      | 1709 ||| SHOPLISTING 2 potions of curing (180 gold, have
                  | 104).
  1754 | D:3      | Found an opulent altar of Gozag.
  1834 | D:3      | Reached skill level 6 in Ranged Weapons
  1834 | D:3      | Reached XP level 6. HP: 29/32 MP: 7/7
  1866 | D:3      | Noticed Ijyb
  1886 | D:3      | Killed Ijyb
  1932 | D:3      | 1932 ||| FLEEEEING.
  1933 | D:3      | 1933 ||| FLEEEEING.
  1938 | D:3      | 1938 ||| FLEEEEING.
  1939 | D:3      | 1939 ||| FLEEEEING.
  1940 | D:3      | 1940 ||| FLEEEEING.
  1941 | D:3      | 1941 ||| FLEEEEING.
  1942 | D:3      | 1942 ||| FLEEEEING.
  1943 | D:3      | 1943 ||| FLEEEEING.
  1944 | D:3      | 1944 ||| FLEEEEING.
  1945 | D:3      | 1945 ||| FLEEEEING.
  1946 | D:3      | 1946 ||| FLEEEEING.
  1972 | D:3      | Identified the +5 war axe "Jireotim" {vamp, rCorr SInv}
  2040 | D:3      | Found a runed translucent gate.
  2040 | D:3      | Found a runed translucent gate.
  2040 | D:3      | Noticed qw's ghost (amateur SpHu)
  2055 | D:3      | Found a runed translucent gate.
  2242 | D:3      | Found an ornate altar of the Wu Jian Council.
  2242 | D:3      | Found a snail-covered altar of Cheibriados.
  2348 | D:3      | 2348 ||| UPGRADING to ring of protection from fire.
  2349 | D:3      | 2349 ||| READING scroll of identify.
  2349 | D:3      | 2349 ||| IDENTIFYING emerald potion
  2350 | D:3      | 2350 ||| READING scroll labelled XIEBE TYNI.
  2542 | D:4      | Reached skill level 6 in Dodging
  2542 | D:4      | HP: 8/32 [poisoned by a scorpion]
  2547 | D:4      | HP: 4/32 [poisoned by a scorpion]
  2804 | D:4      | HP: 4/32 [scorpion (5)]
  2805 | D:4      | 2805 ||| DRINKING potion of heal wounds.
  2809 | D:4      | HP: 8/32 [poisoned by a scorpion]
  2810 | D:4      | HP: 1/32 [scorpion (3)]
  2810 | D:4      | Slain by a scorpion

Levels and vault maps discovered:
D:1:      dpeg_arrival_morbid_curiosity, layout_basic, fountainhead
D:2:      layout_basic, dreamdust_ecumenical_altar_hidden_monk_grotto
D:3:      layout_loops_cross, zin_purify, mainiacjoe_overflow_alcove_4,
          gammafunk_temple_overflow_claw, gammafunk_ghost_split, goddamned_bats,
          uniq_ijyb
D:4:      layout_loops_corners, serial_shops, nicolae_shop_stone,
          dreamdust_mushroom_princess, hangedman_abyss_or_decor_passed,
          minmay_misc_feat_iff

Skill      XL: |  1  2  3  4  5  6 |
---------------+-------------------+-----
Dodging        | 3 4 5 6 |  6.5
Ranged Weapons | 5 6 |  6.1
Fighting       | 2 |  2.4
Stealth        | |  1.5

Action                     |  1- 3 |  4- 6 || total
---------------------------+-------+-------++-------
   Fire: Shortbow          |   105 |   174 ||   279
    Use: Scroll            |     2 |     4 ||     6
         Potion            |     1 |     2 ||     3
 Armour: Robe              |    11 |    44 ||    55
  Dodge: Dodged            |    57 |   127 ||   184

Table legend:
 A = Non-vault XP
 B = Vault XP
 C = Vault XP percentage of total XP
 D = Non-vault monster count
 E = Vault monster count
 F = Vault count percentage of total count
                 A         B        C        D         E       F
            +---------+---------+-------+---------+---------+-------
      Total |     357 |     222 |  38.3 |      66 |      25 |  27.5
            +---------+---------+-------+---------+---------+-------
        D:1 |      46 |       8 |  14.8 |      25 |       4 |  13.8
        D:2 |      79 |       0 |   0.0 |      17 |       0 |   0.0
        D:3 |      91 |     214 |  70.2 |      19 |      21 |  52.5
        D:4 |     141 |       0 |   0.0 |       5 |       0 |   0.0
            +---------+---------+-------+---------+---------+-------
